[Event "53rd Mongolian Women-ch 2023"]
[Site "Khovd"]
[Date "2023.05.24"]
[Round "5.2"]
[White "Bayasgalan, Khishigbaatar"]
[Black "Enkhsaran, Batsaikhan"]
[Result "1-0"]
[ECO "D48"]
[WhiteElo "1811"]
[BlackElo "1756"]
[Annotator "NA RC COMBH"]
[PlyCount "115"]
[EventDate "2023.05.22"]
[EventType "tourn"]
[EventCountry "MGL"]
[SourceTitle "playchess.com"]
[Source "ChessBase"]
[SourceQuality "1"]
[TimeControl "40/5400+30:1800+30"]

1. d4 d5 2. c4 c6 3. Nf3 Nf6 4. Nc3 e6 5. e3 Nbd7 6. Bd3 dxc4 7. Bxc4 b5 8. Bd3 a6 9. e4 c5 10. d5 Bb7 11. O-O Qc7 12. dxe6 fxe6 13. Ng5 Qc6 14. Re1 h6 15. Nf3 O-O-O 16. Be3 Ng4 17. Bf4 g5 18. Bg3 Bg7 19. a4 c4 20. axb5 axb5 21. Nxb5 Qxb5 22. Bxc4 Qb6 23. Qc2 Nge5 24. Bxe6+ Nc6 25. Qd3 Rhe8 26. Bf5 Nb4 27. Qc4+ Bc6 28. Bd6 Bf8 29. Bxb4 Bxb4 30. Ra6 Qb7 31. Rxc6+ Kb8 32. Rc1 Ba5 33. h3 Bb6 34. Rxh6 Rc8 35. Rc6 Rxc6 36. Qxc6 Qxc6 37. Rxc6 Rd8 38. Bxd7 Bc7 39. g3 Rxd7 40. Nxg5 Kb7 41. Rc2 Rg7 42. Ne6 Rh7 43. Rxc7+ Rxc7 44. Nxc7 Kxc7 45. h4 Kd6 46. h5 Ke5 47. b4 Kxe4 48. h6 Kd5 49. h7 Kc4 50. h8=Q Kxb4 51. Qd4+ Ka3 52. Qb6 Ka2 53. Qb4 Ka1 54. Kf1 Ka2 55. Ke2 Ka1 56. Kd1 Ka2 57. Kc2 Ka1 58. Qa3# 1-0

[Event "53rd Mongolian Women-ch 2023"]
[Site "Khovd"]
[Date "2023.05.24"]
[Round "5.3"]
[White "Amin-Erdene, Bayanmunkh"]
[Black "Mungunzul, Bat-Erdene"]
[Result "1-0"]
[ECO "D11"]
[WhiteElo "1620"]
[BlackElo "2299"]
[Annotator "TA"]
[PlyCount "107"]
[EventDate "2023.05.22"]
[EventType "tourn"]
[EventCountry "MGL"]
[SourceTitle "playchess.com"]
[Source "ChessBase"]
[SourceQuality "1"]
[TimeControl "40/5400+30:1800+30"]

1. d4 d5 2. c4 c6 3. Nf3 Nf6 4. g3 dxc4 5. Bg2 g6 6. O-O {[%emt 0:00:36] D11: Slav Defence: 3 Nf3 sidelines and 3...Nf6 4 e3 Bg4.} Bg7 7. Ne5 (7. Qc2 $14) 7... Ng4 $15 8. Nxg4 {[%emt 0:15:28] The position is equal.} Bxg4 9. h3 (9. Be3 $15) 9... Be6 $17 10. e3 O-O 11. a4 {[%emt 0:02:47] [#]} a5 $146 ({Predecessor:} 11... Na6 12. Bd2 Qd7 13. Kh2 c5 14. Nc3 cxd4 15. exd4 Nc7 16. Be3 Nd5 17. Ne4 b6 {0-1 Jones,C (2106)-Putnam,L (2182) Charlotte CCCSA Summer IM-C 2021 (5)}) 12. Na3 Qb6 ({Better is} 12... Qc8 $17) 13. Qe2 Qa6 14. Bd2 Nd7 15. Rfc1 Nb6 16. Qd1 Rfd8 17. Bf1 Qa7 (17... c5 $17 18. dxc5 Nd7 19. Nxc4 Nxc5) 18. Nxc4 $11 Bxc4 19. Bxc4 e5 20. dxe5 Bxe5 21. Ra2 (21. Bb3 $11 {remains equal.}) 21... Nxc4 $17 22. Rxc4 Rd5 ({Black should try} 22... b5 $17 23. Rxc6 b4) 23. Qe2 $15 Rad8 24. Bc3 Qb8 {[%emt 0:03:42][%cal Oe5g3] White must now prevent ...Bxg3!} 25. Kg2 Qc7 26. b3 Bxc3 27. Rxc3 Qe5 28. Rac2 Rd1 29. Qf3 {[%emt 0:01:16] Prevents Qe4} R8d6 30. e4 Re1 31. Re3 $1 Rb1 (31... Rxe3 $15 32. Qxe3 Rd4) 32. Rd3 $11 Rf6 33. Qe3 Qa1 34. f4 Re6 $2 (34... Rh1 $11 35. Rd8+ (35. Qf2 Qb1 $11) 35... Kg7) 35. e5 $2 (35. Rd8+ $18 Kg7 36. Qc5) 35... Re7 36. Rdd2 Qa3 $2 (36... Rh1 $11 37. Qf2 Qb1) 37. Rd8+ $18 Kg7 38. Rd3 $2 (38. f5 $1 $18 Rg1+ 39. Qxg1 gxf5 40. Qe3) 38... Qb4 $2 {[%emt 0:00:33][%mdl 8192] [#]} (38... Qa1 $11) 39. f5 $1 {[%emt 0:00:40][%mdl 512] Intending f6+ and mate.} f6 40. Rc4 $2 ({White must play} 40. Rcd2 $1 $18 {exf6+ would kill now.} Rxe5 41. Rd7+ Kg8 42. Rd8+ Kf7 43. R2d7+ {[%mdl 64] Skewer} Qe7 44. fxg6+ hxg6 45. Rxe7+ Rxe7 46. Qd4) 40... Qe1 (40... Rb2+ $11 41. Kg1 Rb1+ 42. Kh2 Rb2+ 43. Kh1 Rb1+ 44. Kh2 Rb2+ 45. Kh1 Rb1+ 46. Kh2) 41. exf6+ $16 (41. Qxe1 $6 Rxe1 42. exf6+ Kxf6 $11) 41... Kxf6 42. Rd6+ Kf7 $1 43. fxg6+ hxg6 {[%emt 0:06:16] ( -> ...Qf1+)} 44. Rf4+ Ke8 $2 {[%emt 0:01:57][%mdl 8192] [#] Black cannot hold the game after this.} (44... Kg7 $14 45. Qd4+ (45. Qxe1 Rbxe1 46. h4 R1e2+ 47. Kh3 R2e6 $11) 45... Qe5) 45. Rf8+ $3 {[%emt 0:05:11][%mdl 576] Decoy} Kxf8 46. Qh6+ Rg7 47. Rd8+ Ke7 48. Qg5+ Ke6 {[%emt 0:00:23] [#]} 49. Qg4+ $1 ({Less strong is} 49. Re8+ Kf7 50. Rxe1 Rxe1 $14) 49... Ke7 {[%emt 0:01:04] [#]} 50. Qd7+ $1 Kf6 51. Rf8+ Ke5 52. Re8+ {[%emt 0:00:13][%mdl 64] Skewer} Kf6 53. Qd4+ (53. Qd6+ $142 Qe6 54. Qxe6+ Kg5 55. Qg4+ Kh6 56. Qh4#) 53... Kf7 $18 54. Rxe1 {[%emt 0:00:06] Beautiful play by Amin-Erdene!   Weighted Error Value: White=0.34/Black=0.40} 1-0

[Event "53rd Mongolian Women-ch 2023"]
[Site "Khovd"]
[Date "2023.05.24"]
[Round "5.4"]
[White "Bayarmaa, Bayarjargal"]
[Black "Udval, Enkhsaikhan"]
[Result "1/2-1/2"]
[ECO "D10"]
[WhiteElo "2167"]
[BlackElo "1682"]
[Annotator "TA"]
[PlyCount "164"]
[EventDate "2023.05.22"]
[EventType "tourn"]
[EventCountry "MGL"]
[SourceTitle "playchess.com"]
[Source "ChessBase"]
[SourceQuality "1"]
[TimeControl "40/5400+30:1800+30"]

1. d4 d5 2. c4 c6 3. Nc3 Nf6 4. cxd5 cxd5 5. Bf4 Nc6 6. e3 a6 7. Bd3 e6 8. Rc1 Bd6 9. Nge2 O-O 10. O-O {[%emt 0:00:17] [#]} Na5 $146 {[%emt 0:05:07] D10: Slav Defence: 3 cxd5 (without early Nf3) and 3 Nc3.} ({Predecessor:} 10... h6 11. Na4 Re8 12. a3 Bxf4 13. Nxf4 Qd6 14. Qd2 e5 15. dxe5 Nxe5 16. Bb1 Bd7 17. Nc5 Bc6 18. Rfd1 {1-0 Samunenkov,I (2473)-Jeet,J (2167) Titled Tuesday intern op 04th Oct Early blitz 2022 (7)}) 11. Qc2 Bxf4 12. Nxf4 Bd7 {[%emt 0:05:16] White has an edge.} 13. b4 Nc6 14. Qb2 b5 15. Bb1 Ne8 16. e4 (16. a4 {is more complex.} Qe7 17. Ncxd5 exd5 18. Nxd5 Qd6 19. Nb6) 16... Qf6 (16... Nd6 $11) 17. Nfe2 (17. exd5 $16 Nxd4 18. Nd3) 17... Nxd4 $11 18. Nxd4 Qxd4 19. Rfd1 {[%emt 0:00:09][%mdl 64] Deflection} Qf6 20. exd5 exd5 21. Qc2 Qh6 22. Nxd5 Bg4 23. Rd4 Be6 24. Ne7+ Kh8 25. g3 {[%emt 0:03:15] White is more active.} g6 $1 26. Re1 Qg5 {[%emt 0:01:52] Wards off Rh4} 27. Qe4 (27. Nc6 $5) 27... Ng7 28. Nc6 Rae8 29. h4 Qf6 {[%emt 0:01:04] Hoping for ...Bf5.} 30. Qe5 {[%emt 0:00:31] [#]} Bd5 $1 {[%emt 0:02:41][%mdl 64] Discovered Attack} 31. Ne7 (31. Qxf6 $2 {is a self mate.} Rxe1+ 32. Kh2 Rh1#) 31... Qxe5 32. Rxe5 Be6 33. Nc6 {[%emt 0:01:06] Black is weak on the dark squares} Bc4 34. Kh2 Ne6 35. Rd6 Rc8 36. Na5 Rfd8 37. Nb7 Rxd6 38. Nxd6 Rc7 39. Ne4 (39. Re3 $11 {remains equal.}) 39... Rd7 $17 40. a3 Kg7 41. Nc3 {[%emt 0:01:29] [#]} h5 (41... Rd2 $1 $17 42. Kg2 Rb2) 42. Kg2 Rd2 43. Re1 $1 f5 44. Rd1 (44. Rc1 $5) 44... Rb2 {[%emt 0:06:49] White must now prevent ...Rb3.} 45. Bd3 Bxd3 ({Black should try} 45... Bb3 $1 $15 46. Re1 Rd2) 46. Rxd3 $15 {[%emt 0:00:06][%mdl 4096] Endgame KRN-KRN} Rb3 47. Rd7+ Kf8 48. Nd5 Rxa3 49. Rd6 Kf7 50. Rd7+ Kf8 51. Rd6 Kf7 52. Rd7+ Kf8 53. Ra7 Ra4 54. Ne7 Kf7 55. Nxf5+ Kf6 56. Ne3 Ke5 57. Ra8 Rxb4 58. Rxa6 Nf8 ({Better is} 58... Rb2 $11) 59. Rb6 $14 Rb3 60. Rb8 Ne6 61. Rb6 Nf8 62. Kf3 (62. Nc2 $1 $14) 62... b4 63. Ke2 Rb2+ 64. Kf3 {[%emt 0:00:30] Nc4+ would be deadly.} (64. Kf1 $5 Rb1+ 65. Ke2 $14) 64... Rb3 65. Ke2 Rb2+ 66. Kf3 (66. Kf1 $5 Ke4 67. Nc4 Rb1+ 68. Ke2 $14) 66... Rb3 67. g4 (67. Kg2 $1 $14) 67... Rb1 68. g5 Ne6 69. Nc4+ Kd5 70. Ne3+ Ke5 71. Nc4+ Kd5 {[%emt 0:00:02] And now ...Nd4+ would win.} 72. Nd2 $2 {[%emt 0:00:26] [#]} (72. Ne3+ $11 {and White is okay.} Ke5) 72... Nd4+ $1 $19 73. Ke3 Nf5+ $2 (73... Rc1 $17 {( -> ...Rc3+)} 74. f3 Rc6) 74. Kd3 $11 {[%emt 0:00:33] The position is equal.} Rh1 75. Rxg6 Rxh4 76. Rf6 Nd6 {[%emt 0:00:26] Threatens to win with ...Rd4+.} 77. Kc2 (77. Nf3 $5 Rg4 $8 78. Rh6 $11) 77... Rg4 78. f3 Rg2 {[%emt 0:00:28] aiming for ...Nc4.} 79. Kd3 {[%emt 0:00:22] Repels Nc4} Rxg5 80. Rxd6+ $1 {[%mdl 64] Remove Defender, Decoy} Kxd6 81. Ne4+ Ke5 82. Nxg5 {[%emt 0:00:07] Nh3 is the strong threat.} Kf4 {[%emt 0:02:05] Weighted Error Value: White=0.13 (very precise) /Black=0.14 (very precise)} 1/2-1/2

[Event "53rd Mongolian Women-ch 2023"]
[Site "Khovd"]
[Date "2023.05.24"]
[Round "5.5"]
[White "Enkhbolor Nyamdavaa"]
[Black "Margadgua Erdenebayar"]
[Result "1/2-1/2"]
[ECO "B28"]
[WhiteElo "1699"]
[BlackElo "1934"]
[Annotator "TA"]
[PlyCount "86"]
[EventDate "2023.05.22"]
[EventType "tourn"]
[EventCountry "MGL"]
[SourceTitle "playchess.com"]
[Source "ChessBase"]
[SourceQuality "1"]
[TimeControl "40/5400+30:1800+30"]

1. e4 c5 2. Nf3 a6 3. d4 cxd4 4. Nxd4 Nf6 5. Nc3 e5 6. Nde2 Bc5 7. Ng3 d6 {[%emt 0:07:17] B28: Sicilian: 2 Nf3 a6 (O'Kelly Variation).} 8. Be2 {[%emt 0:02:28] Against Ng4} h6 {[%emt 0:01:41] [#]} (8... O-O $11) 9. Nh5 $146 (9. Be3 $14) ({Predecessor:} 9. O-O Nc6 10. Kh1 Be6 11. f4 Nd4 12. f5 Bd7 13. Nh5 Nxe2 14. Qxe2 Nxh5 15. Qxh5 {½-½ Lysak,I (2339)-Kislinsky,A (2451) Yuzhny op 2009 (3)}) 9... Nxh5 $11 10. Bxh5 O-O 11. O-O Be6 12. Qd3 Qh4 (12... Nc6 {simplifies} 13. Be3 Rc8 14. Bxc5 dxc5 15. Qg3 Kh7) 13. Bf3 Nc6 14. Be3 Nd4 {[%emt 0:10:02] Hoping for ...Nxf3+.} 15. Bxd4 Bxd4 16. Ne2 Bc5 (16... Bxb2 17. Rab1 Bd4 18. Nxd4 (18. Rxb7 Ra7 $15) 18... exd4 19. Rxb7 $11) 17. a4 Rac8 18. b3 {[%emt 0:00:00] Wards off Bc4} Kh8 (18... f5 {simplifies} 19. g3 Qe7 20. c4 Qf7) 19. Qd2 (19. Rad1 $15) 19... f5 $17 20. exf5 Rxf5 {[%emt 0:00:57] White must now prevent ...e4.} 21. Ng3 {[%emt 0:00:00] White is weak on the dark squares} Rf4 {[%emt 0:04:30] ...Rcf8 is the strong threat.} (21... Rf7 $6 22. Bd5 Bxd5 23. Qxd5 $11) 22. Qe2 (22. Qd3 $17) 22... Bd4 (22... Rcf8 $19 {[%cal Of4f3] ...Rxf3! would be deadly.} 23. Ne4 Rxf3 24. gxf3 Bd5) 23. Rad1 $15 Rcf8 24. Ne4 Qe7 $36 {[%emt 0:08:11][%mdl 2048] Black is on the roll.} (24... Rxf3 {keeps more tension.} 25. gxf3 Rf4 26. Rd3 Qh3) 25. c3 {[%emt 0:00:00] [#]} Ba7 {[%emt 0:09:39] A strong pair of Bishops.} 26. Rxd6 {[%emt 0:00:39] [#]} (26. c4 $17 {is a better defense.}) 26... Bf5 $1 $19 (26... Bxb3 27. Qd3) (26... Rxe4 27. Rxe6 Qxe6 28. Qxe4 $14) 27. Rd2 Bxe4 28. Bxe4 Qg5 29. h4 $2 ({But not} 29. Bxb7 Rxf2 30. Qxf2 Bxf2+ 31. Rdxf2 Rxf2 32. Rxf2 Qc1+ 33. Rf1 Qxc3 34. Bxa6 Qe3+ 35. Kh1 Qxb3) (29. Rdd1 Qh4 30. Bb1 (30. Bxb7 $2 Rxf2 $19) 30... Bxf2+ 31. Rxf2 Rxf2 32. Qe4 Qxe4 33. Bxe4) 29... Qxh4 ({Less strong is} 29... Bxf2+ 30. Rxf2 Qe7 31. Rxf4 exf4 32. Rd4 $18) 30. Bxb7 e4 (30... Rxf2 $2 {too greedy.} 31. Rxf2 Bxf2+ 32. Qxf2 Rxf2 33. Rxf2 $19) 31. Rd4 Bxd4 32. cxd4 R8f5 {[%emt 0:00:35] aiming for ...Rh5.} 33. g3 Qg5 ({Better is} 33... Rg4 $19 {( -> ...Rh5)} 34. Qxe4 Rxe4 35. gxh4 Rg4+ 36. Bg2 Rf6) 34. Bxe4 $11 Rf8 {[%emt 0:00:04] Threatens to win with ...Re8.} 35. Kh1 (35. Bd3 $11 {keeps the balance.}) 35... Rg4 ({Black should play} 35... Qg4 $17 36. Qxg4 Rxg4) 36. Bg2 (36. Qd3 $5 ) 36... Rxd4 37. Qxa6 Rd2 (37... h5 $5 ) 38. Qb6 {[%emt 0:00:45] The position is equal.} Qh5+ 39. Kg1 Ra2 40. Qd6 Qf5 41. Be4 {[%emt 0:03:58][%mdl 64] Deflection} Qf7 42. Bd5 Qe8 43. Bc6 Qf7 {[%emt 0:26:08][%csl LRb3,LRf2] Whites escaped into a draw.   Weighted Error Value: White=0.30/Black=0.27 (precise)} 1/2-1/2

[Event "53rd Mongolian Women-ch 2023"]
[Site "Khovd"]
[Date "2023.05.24"]
[Round "5.6"]
[White "Altantuya, Boldbaatar"]
[Black "Enkhrii Enkh-Amgalan"]
[Result "1/2-1/2"]
[ECO "D80"]
[WhiteElo "2191"]
[BlackElo "1448"]
[Annotator "TA"]
[PlyCount "172"]
[EventDate "2023.05.22"]
[EventType "tourn"]
[EventCountry "MGL"]
[SourceTitle "playchess.com"]
[Source "ChessBase"]
[SourceQuality "1"]
[TimeControl "40/5400+30:1800+30"]

1. d4 Nf6 2. c4 g6 3. Nc3 d5 4. Bg5 Ne4 5. Bh4 c5 6. cxd5 Nxc3 7. bxc3 Qxd5 8. e3 cxd4 9. Qxd4 {[%emt 0:06:40] D80: Grünfeld: Unusual White 4th moves and 4 Bg5.} Qxd4 10. cxd4 Bg7 11. Rc1 {[%emt 0:02:38] White is slightly better.} Nc6 12. Bb5 Bd7 {[%emt 0:02:43] [#]} 13. Ne2 $146 ({Predecessor:} 13. Nf3 e6 14. Bg3 O-O 15. O-O Rac8 16. Be2 Rfd8 17. a3 Ne7 18. Ne5 Bc6 19. Nxc6 Nxc6 {1-0 Vilaboa Bernardez,J-Blasco de la Cruz,L ESP corr Spain 1991}) 13... a6 14. Ba4 b5 15. Bb3 Na5 16. Nf4 Nxb3 17. axb3 f6 18. Nd5 {[%emt 0:01:39] Nc7+ would be deadly.} Rc8 (18... Ra7 $1 $11) 19. Ke2 $14 Rc6 20. Nb4 Rxc1 21. Rxc1 a5 22. Nd5 Kf7 (22... g5 $14 {is superior.} 23. Bg3 a4) 23. Rc7 {[%emt 0:01:02] White is more active.} (23. Nb6 $16 Be8 24. Rc7) 23... Rd8 $11 24. Ra7 a4 25. bxa4 bxa4 {[%emt 0:03:16] [#] ...Bb5+ is the strong threat.} 26. Kd2 a3 27. Nb4 {[%emt 0:07:00] Repels Bc6} Bf8 (27... g5 $5 28. Bg3 $8 Bb5 $11) 28. Nc2 g5 29. Bg3 Kg6 30. Rxa3 e5 31. Ra6 exd4 32. Nxd4 Bb5 33. Rb6 Bf1 34. Be5 Be7 35. g4 Rd5 36. Ke1 {[%emt 0:02:01][%cal Od4c6] [#] Black must now prevent Nc6!} Bg2 37. f4 gxf4 38. Bxf4 Bc5 39. Rb2 Bh3 40. Rb5 {[%emt 0:00:00] Threatens to win with Ne6.} Bxg4 41. Kf2 Bd7 42. Ra5 Rh5 43. Nb3 Bb6 {[%emt 0:00:36] This pair of bishops is nice.} 44. Ra6 Rb5 45. Nd4 Rb4 46. Kg3 $1 Bxd4 47. exd4 Rxd4 {[%emt 0:00:04][%mdl 4096] Endgame KRB-KRB} 48. Be5 Rg4+ 49. Kf3 Rg1 50. Rxf6+ Kh5 51. Bf4 Rg6 {[%emt 0:00:07] Against Rh6+} 52. Rf7 Bg4+ 53. Kf2 h6 54. Re7 Re6 55. Rg7 Rg6 56. Rc7 Ra6 57. Rc5+ Kg6 58. Kg3 Be6 59. h4 Ra3+ 60. Kg2 Ra2+ 61. Kf1 Ra1+ 62. Kg2 Ra2+ 63. Kg3 Ra3+ 64. Kf2 Ra2+ 65. Kf3 Ra3+ 66. Ke4 Ra4+ 67. Ke5 Ra6 68. Ke4 Ra4+ 69. Kf3 Ra3+ 70. Be3 Rb3 71. h5+ Kf6 72. Ke4 Rb4+ 73. Bd4+ Ke7 74. Ke5 Bd7 75. Rc7 {[%emt 0:01:09] White wants to mate with Bc5+.} Rb1 76. Kd5 Rh1 77. Bc5+ Ke8 78. Kd6 Rd1+ 79. Ke5 Re1+ 80. Kf6 Re6+ 81. Kg7 Rc6 82. Rxc6 Bxc6 83. Kxh6 Be4 (83... Bf3 $11) 84. Kg7 $1 $14 Kd7 85. h6 Kc6 86. h7 (86. Ba7 $14) 86... Bxh7 {[%emt 0:00:04] Weighted Error Value: White=0.04 (flawless) /Black=0.05 (flawless)} 1/2-1/2